 Dungeon Crawl Stone Soup version 0.31.0-32-g396128a36d (webtiles) character file.

Game seed: 10964572262885363112

2035 spaghetti the Basher (level 9, -4/91 (97) HPs)
             Began as an Oni Chaos Knight on Mar 10, 2024.
             Was a Plaything of Xom.
             Slain by a wight
             ... wielding a +2 falchion
              (6 damage)
             ... on level 8 of the Dungeon.
             The game lasted 00:07:20 (7095 turns).

spaghetti the Basher (Oni Chaos Knight)             Turns: 7095, Time: 00:07:20

HP:   -4/91 (97)    AC:  6    Str: 14    XL:     9   Next: 24%
MP:   13/13         EV:  9    Int: 17    God:    Xom [*.....]
Gold: 297           SH:  0    Dex:  8    Spells: 13/13 levels left

rFire   . . .        j - +1 whip (distort)
rCold   . . .        (no shield)
rNeg    . . .        b - +2 robe
rPois   .            (helmet restricted)
rElec   .            h - +0 cloak
rCorr   .            (gloves unavailable)
SInv    +            (boots unavailable)
Will    +....        (no amulet)
Stlth   +++          q - ring of flight
HPRegen 0.35/turn    p - ring of see invisible
MPRegen 0.13/turn

%: no passive effects
@: especially stealthy, enlightened, flying, drained
A: large, unfitting armour, horns 1, tough skin 1, double potion healing,
drunken brawling, robust 1, weak 2, wild magic 1, MP-powered wands
a: Renounce Religion


You were on level 8 of the Dungeon.
You worshipped Xom.
You were a special plaything of Xom.
You visited 1 branch of the dungeon, and saw 8 of its levels.

You collected 297 gold pieces.

Inventory:

Hand Weapons
 a - a +0 spear of chaos
 j - a +1 whip of distortion (weapon)
Missiles
 e - a throwing net (quivered)
Armour
 b - a +2 robe (worn)
 h - a +0 cloak (worn)
Jewellery
 f - a ring of protection from fire
 i - an amulet of faith
 p - a ring of see invisible (right hand)
 q - a ring of flight (left hand)
Wands
 k - a wand of digging (5)
Scrolls
 o - 5 scrolls of teleportation
 r - 2 scrolls of identify
 s - a scroll of fog
 u - 3 scrolls of fear
Potions
 d - 2 potions of attraction
 g - 3 potions of degeneration
 l - a potion of magic
 n - a potion of might
 t - a potion of lignification


   Skills:
 - Level 6.2 Fighting
 + Level 10.8 Maces & Flails
 - Level 3.0 Polearms
 - Level 2.1 Dodging
 - Level 2.7 Spellcasting


You had 13 spell levels left.
You didn't know any spells.
Your spell library contained the following spells:

 Spells                   Type           Power      Damage    Failure   Level
 Shock                    Conj/Air       8%         1d3       26%         1
 Call Imp                 Summ           4%         N/A       34%         2
 Sublimation of Blood     Necr           2%         N/A       34%         2
 Swiftness                Air            2%         N/A       56%         3
 Airstrike                Air            1%         2d(1-17)  91%         4
 Summon Hydra             Summ           1%         N/A       100%        7


Dungeon Overview and Level Annotations

Branches:
Dungeon (8/15)             Temple (0/1) D:4
   Lair: D:8-11

Altars:
Elyvilon

Shops:
D:1 :   D:5 [


Innate Abilities, Weirdness & Mutations

You are too large for most types of armour.
You have a pair of small horns on your head.
You have tough skin. (AC +1)
You gain doubled healing and magic from potions.
Whenever you drink a healing potion, you attack all around you.
You are robust. (+10% HP)
You are very weak. (Str -4)
Your spells are a little harder to cast, but a little more powerful.
You expend magic power (3 MP) to strengthen your wands.


Message History

* * * LOW HITPOINT WARNING * * *
The wight freezes you.
* * * LOW HITPOINT WARNING * * *
Okay, then.
As you read the scroll of butterflies, it crumbles to dust.
You hear the flapping of tiny wings.
The wight is knocked back by the sudden gust. x4 "See what I see, my child!"
You detect creatures!
You are now a special plaything of Xom.
You take a swig of the potion and twirl your +1 whip of distortion.
You hit the wight.
Space warps horribly around the wight!
The wight is almost destroyed.
You savour every drop.
You feel better. The wight barely misses your butterfly.
The wight closely misses your butterfly.
The wight hits you with a +2 falchion!
* * * LOW HITPOINT WARNING * * *
The wight hits you from afar with a +5 halberd of freezing.
* * * LOW HITPOINT WARNING * * *
The wight freezes you.
* * * LOW HITPOINT WARNING * * *
It was a potion of enlightenment.
You feel more buoyant.
The wight hits your butterfly with a +0 dagger!
Your butterfly dies!
Your butterfly disappears in a burst of colours!
The wight completely misses your butterfly.
The wight hits you with a +2 falchion!
* * * LOW HITPOINT WARNING * * *
The wight closely misses you.
Okay, then.
Okay, then.
The wight hits you but does no damage.
The wight hits your butterfly with a +3 dagger of freezing!
The wight freezes your butterfly.
Your butterfly dies!
Your butterfly disappears in a burst of colours!
The wight closely misses you. The wight attacks as it pursues you!
The wight hits you with a +2 falchion.
You die...

#.........#
#....<..#.#
#.......#.#
#.......#.#
#########.# #.#
#.# ######
#######.# #..zz#
.......b###z##@#
?#####...bz.##.#
#.b.#####.#
.......# #.#
######.# ... #..
... #.# ..# #..
.... #..


You could see 2 wights.

Vanquished Creatures
  A steam dragon (D:5)
  Menkaure (D:6)
  A water moccasin (D:7)
  Duvessa (D:5)
  2 ice beasts
  An ogre (D:4)
  A black bear (D:6)
  A phantom (D:5)
  A kobold brigand (D:6)
  A gnoll sergeant (D:6)
  A wight (D:8)
  Dowan (D:5)
  2 howler monkeys
  An orc priest (D:5)
  2 bombardier beetles
  3 hounds
  A sleepcap (D:7)
  2 orc wizards
  2 iguanas (D:4)
  5 gnolls
  2 adders
  A shadow imp (D:6)
  2 white imps
  2 ufetubi (D:7)
  3 dart slugs
  4 ribbon worms
  14 orcs
  4 endoplasms
  3 giant cockroaches
  9 goblins
  7 hobgoblins
  10 jackals
  9 kobolds
  5 quokkas
  7 ball pythons
  5 bats
  2 frilled lizards (D:3)
  7 rats
127 creatures vanquished.

Vanquished Creatures (others)
  A howler monkey (D:7)
1 creature vanquished.

Grand Total: 128 creatures vanquished

Notes
Turn   | Place    | Note
-------+----------+-------------------------------------------
     0 | D:1      | spaghetti the Oni Chaos Knight began the quest for the Orb.
     0 | D:1      | Reached XP level 1. HP: 24/24 MP: 1/1
    74 | D:1      | Reached XP level 2. HP: 26/33 MP: 2/2
    87 | D:1      | Reached skill level 5 in Fighting
   179 | D:1      | XOM: silly message
   321 | D:1      | Found Hinu's Book Shop.
   324 | D:1      | Reached XP level 3. HP: 42/42 MP: 3/3
   399 | D:1      | XOM: god gift: amulet of faith
   668 | D:2      | Reached skill level 1 in Spellcasting
   813 | D:1      | XOM: draining
   904 | D:2      | Gained mutation: You possess an exceptional clarity of
                  | mind. [potion of mutation]
   904 | D:2      | Gained mutation: Your muscles are strong. (Str +4, Int/Dex
                  | -1) [potion of mutation]
  1157 | D:3      | Reached XP level 4. HP: 47/47 MP: 6/6
  1276 | D:3      | Found a white marble altar of Elyvilon.
  1539 | D:3      | XOM: noise
  1549 | D:3      | Lost mutation: You possess an exceptional clarity of mind.
                  | [potion of mutation]
  1549 | D:3      | Lost mutation: Your muscles are strong. (Str +4, Int/Dex
                  | -1) [potion of mutation]
  1549 | D:3      | Gained mutation: You possess an exceptional clarity of
                  | mind. [potion of mutation]
  1549 | D:3      | Gained mutation: You are robust. (+10% HP) [potion of
                  | mutation]
  1549 | D:3      | Gained mutation: You have an increased reservoir of magic.
                  | (+10% MP) [potion of mutation]
  1757 | D:3      | Reached XP level 5. HP: 64/64 MP: 9/9
  1936 | D:3      | XOM: silly message
  2500 | D:4      | Found a staircase to the Ecumenical Temple.
  2612 | D:4      | Reached skill level 1 in Maces & Flails
  2750 | D:4      | Reached skill level 2 in Maces & Flails
  2854 | D:4      | Noticed an ogre
  2856 | D:4      | Reached skill level 3 in Maces & Flails
  2858 | D:4      | Killed an ogre
  2859 | D:4      | Reached XP level 6. HP: 73/73 MP: 11/11
  2864 | D:4      | Reached skill level 4 in Maces & Flails
  2970 | D:4      | XOM: divination: detect creatures
  3321 | D:5      | Entered Level 5 of the Dungeon
  3531 | D:5      | Noticed Duvessa
  3531 | D:5      | XOM: divination: magic mapping
  3539 | D:5      | Killed Duvessa
  3539 | D:5      | XOM: silly message
  3540 | D:5      | Reached skill level 5 in Maces & Flails
  3540 | D:5      | Reached XP level 7. HP: 63/82 MP: 12/12
  3540 | D:5      | Noticed Dowan
  3842 | D:4      | XOM: cloud trail
  3875 | D:4      | XOM: silly message
  3877 | D:4      | XOM: noise
  3919 | D:5      | XOM: divination: detect creatures
  3929 | D:5      | Killed Dowan
  3961 | D:5      | Noticed a steam dragon
  3974 | D:5      | XOM: enchant monster (bad)
  3981 | D:5      | Killed a steam dragon
  3982 | D:5      | Reached skill level 6 in Maces & Flails
  4509 | D:5      | XOM: give mutations
  4509 | D:5      | Gained mutation: Your spells are a little easier to cast,
                  | but a little less powerful. [Xom's mischief]
  4509 | D:5      | Lost mutation: You possess an exceptional clarity of mind.
                  | [Xom's mischief]
  4509 | D:5      | Gained mutation: You expend magic power (3 MP) to
                  | strengthen your wands. [Xom's mischief]
  4509 | D:5      | Lost mutation: Your spells are a little easier to cast, but
                  | a little less powerful. [Xom's mischief]
  4554 | D:5      | Reached skill level 7 in Maces & Flails
  4581 | D:5      | Found Upenunue's Armour Shop.
  5063 | D:6      | XOM: noise
  5068 | D:6      | Reached XP level 8. HP: 91/91 MP: 13/13
  5119 | D:6      | Reached skill level 8 in Maces & Flails
  5121 | D:6      | XOM: silly message
  5235 | D:5      | XOM: give mutations
  5235 | D:5      | Gained mutation: You are weak. (Str -2) [Xom's mischief]
  5235 | D:5      | Gained mutation: You are strong-willed. (Will+) [Xom's
                  | mischief]
  5235 | D:5      | Gained mutation: You are very weak. (Str -4) [Xom's
                  | mischief]
  5272 | D:5      | Lost mutation: You have an increased reservoir of magic.
                  | (+10% MP) [potion of mutation]
  5272 | D:5      | Lost mutation: You are strong-willed. (Will+) [potion of
                  | mutation]
  5272 | D:5      | Gained mutation: Your spells are a little harder to cast,
                  | but a little more powerful. [potion of mutation]
  5329 | D:6      | Noticed Menkaure
  5347 | D:6      | XOM: enchant monster (good)
  5357 | D:6      | Killed Menkaure
  5568 | D:6      | XOM: 3-stop teleportation journey
  5642 | D:6      | Reached skill level 9 in Maces & Flails
  5858 | D:6      | XOM: 2-stop teleportation journey
  5871 | D:6      | XOM: enchant monster (bad)
  6386 | D:7      | Reached skill level 10 in Maces & Flails
  6407 | D:7      | Reached XP level 9. HP: 96/97 MP: 13/13
  6407 | D:7      | XOM: destruction
  6464 | D:7      | XOM: summons 1 hostile shadow creature
  6465 | D:7      | XOM: confusion (+ monsters)
  6473 | D:7      | XOM: summons 4 friendly demons
  6980 | D:7      | XOM: god gift: scroll of teleportation
  7041 | D:8      | XOM: stealth player
  7073 | D:8      | XOM: summons friendly shadow imp
  7076 | D:8      | XOM: summons friendly iron imp
  7091 | D:8      | XOM: divination: detect creatures
  7093 | D:8      | HP: 1/91 [wight/+2 falchion (11)]
  7095 | D:8      | Slain by a wight

Illustrated notes

Levels and vault maps discovered:
D:1:      saegor_arrival_fortress, layout_rooms, serial_shops,
          nicolae_shop_rolling_square
D:2:      layout_loops_ring, st_stairs_9
D:3:      layout_basic, mainiacjoe_overflow_boulevard, serial_forest,
          infiniplex_forest_lined_2, infiniplex_forest_straight_5,
          infiniplex_forest_end_double, infiniplex_forest_straight_1,
          infiniplex_forest_clump_long, infiniplex_forest_clump_double,
          infiniplex_forest_corner_1
D:4:      layout_basic, minmay_temple_entry_grid, kennysheep_generic_room_3
D:5:      layout_loops_cross, serial_shops, nicolae_shop_tiny_waterfront,
          serial_bayou_crossing, uniq_duvessa
D:6:      layout_basic, minmay_hedge_maze, uniq_menkaure
D:7:      layout_gridville
D:8:      minmay_the_grid_four_pointed_star
          [minmay_the_grid_triangle_9x9_negative_grid,
          minmay_the_grid_triangle_9x9_swiss_cheese,
          minmay_the_grid_triangle_9x9_alien,
          minmay_the_grid_triangle_9x9_windchime,
          minmay_the_grid_prize_shrinking_boxes], layout_basic, lair_entry_dummy

Skill      XL: |  1  2  3  4  5  6  7  8 |
---------------+-------------------------+-----
Fighting       | 5 6 |  6.2
Spellcasting   | 1 2 |  2.7
Maces & Flails | 3 5 7 10 | 10.8
Polearms       | |  3.0
Dodging        | |  2.1

Action                     |  1- 3 |  4- 6 |  7- 9 || total
---------------------------+-------+-------+-------++-------
  Melee: Spear             |    56 |       |       ||    56
         Headbutt          |    13 |    12 |    26 ||    51
         Whip              |    43 |   121 |   208 ||   372
         Punch             |       |     6 |     2 ||     8
    Use: Scroll            |     5 |     2 |     8 ||    15
         Potion            |     1 |     2 |    10 ||    13
   Stab: Sleeping          |     1 |       |       ||     1
         Petrified         |       |       |     2 ||     2
 Armour: Robe              |    67 |    93 |   140 ||   300
  Dodge: Dodged            |    45 |    76 |    92 ||   213
